Predators vs Lightning

Created - December 3, 2017 at 00:12

Goals
1 2 3 T
Predators 0 1 2 3
Lightning 0 1 1 2
Shots
1 2 3 T
Predators 7 12 8 27
Lightning 2 14 13 29

1st period

No Goal

Penalties :
Daniel Carcillo (TB.) for Holding (Minor) at 3:37, Adam Burish (Nas) for Hooking (Minor) at 5:53, Dwight King (TB.) for Roughing (Minor) at 16:25

2nd period

1. Lightning , Kris Versteeg 4 (Jordan Nolan 4) at 4:28
2. Predators , Alexander Steen 10 (Alexander Edler 11) at 18:00

Penalties :
Jordan Nolan (TB.) for Roughing (Minor) at 1:56, Henrik Zetterberg (TB.) for Holding (Minor) at 11:07

3rd period

3. Predators , Alexander Edler 5 (Alexander Steen 7, Byron Bitz 11) at 8:14 (PP)
4. Lightning , Henrik Zetterberg 11 (John Carlson 14) at 8:18
5. Predators , Adam Burish 4 (Alexander Edler 12, Niclas Bergfors 11) at 16:42 (PP)

Penalties :
Pierre-Marc Bouchard (TB.) for Hooking (Minor) at 7:34, Alexander Steen (Nas) for Hooking (Minor) at 10:09, Byron Bitz (Nas) for Charging (Minor) at 13:53, Danny Richmond (TB.) for Interference (Minor) at 16:30

Goalie Stats

Viktor Fasth (Nas), 27 saves from 29 shots - (0.931), W, 14-6-0, 60:00 minutes
Jaroslav Halak (TB.), 24 saves from 27 shots - (0.889), L, 11-9-1, 59:15 minutes

Players Stats for Predators

Player Name              G  A  P  +/- PIM S  H  SB GA TA FO     MP     PP MP  PK MP  
------------------------------------------------------------------------------------
Adam Burish              1  0  1   0  2   1  2  1  0  0  3/10   16:56   2:08   2:07 
Alexander Edler          1  2  3  -1  0   1  0  1  0  1  0/0    27:30   5:05   3:55 
Alexander Ovechkin       0  0  0  -2  0   3  2  1  0  0  2/2    22:37   5:06   1:52 
Alexander Steen          1  1  2   1  2   5  2  0  2  0  1/1    16:55   3:23   0:23 
Andy Miele               0  0  0   0  0   0  3  0  0  0  3/6     9:48   0:00   3:01 
Brett Clark              0  0  0   1  0   0  0  0  0  0  0/0    13:14   0:00   2:02 
Byron Bitz               0  1  1   1  2   0  1  0  0  0  1/2    17:17   3:16   0:47 
Dmitri Kalinin           0  0  0   0  0   0  2  0  1  0  0/0    19:12   5:34   0:00 
James Van Riemsdyk       0  0  0   0  0   2  1  0  0  0  0/2    10:13   0:48   0:00 
Jeremy Williams          0  0  0   0  0   0  0  0  1  0  0/0     8:20   0:00   0:00 
John Moore               0  0  0   0  0   1  1  1  0  1  0/0    16:13   0:00   2:02 
Justin Abdelkader        0  0  0   1  0   3  0  0  0  0  0/0    12:04   0:00   1:56 
Kris Vernarsky           0  0  0   0  0   0  1  0  0  0  1/3     9:31   0:10   0:17 
Mikael Granlund          0  0  0   0  0   2  1  0  0  0  5/8     9:13   3:00   0:20 
Niclas Bergfors          0  1  1  -2  0   5  2  1  0  0  1/1    20:45   5:06   0:00 
Ryan Kesler              0  0  0  -2  0   0  2  0  0  0  10/21  20:21   3:27   1:11 
Ryan Mcdonagh            0  0  0  -2  0   4  1  2  0  3  0/0    27:34   3:14   3:55 
Ryan Murray              0  0  0   0  0   0  0  1  0  0  0/0    16:17   3:43   0:00 

Players Stats for Lightning

Player Name              G  A  P  +/- PIM S  H  SB GA TA FO     MP     PP MP  PK MP  
------------------------------------------------------------------------------------
Andy Rogers              0  0  0  -1  0   0  0  0  0  0  0/0    16:44   0:00   5:29 
Brent Burns              0  0  0   1  0   3  0  1  0  1  0/0    25:25   2:04   3:19 
Daniel Carcillo          0  0  0  -1  2   2  1  1  0  0  0/0    13:28   0:00   2:22 
Danny Richmond           0  0  0   0  2   0  2  0  1  1  0/0    14:52   0:00   3:19 
Dwight King              0  0  0   0  2   1  1  0  1  0  0/0     7:22   0:00   0:15 
Henrik Zetterberg        1  0  1   2  2   5  4  1  1  0  1/1    20:52   3:19   1:20 
Jeff Schultz             0  0  0   1  0   0  1  0  0  0  0/0    21:56   2:04   5:29 
John Carlson             0  1  1   1  0   3  1  2  0  0  0/0    23:08   3:53   0:00 
Jordan Nolan             0  1  1   2  2   0  1  1  0  0  11/21  18:39   2:38   0:36 
Justin Schultz           0  0  0   0  0   3  0  0  0  0  0/0    17:54   3:53   0:00 
Kris Versteeg            1  0  1   2  0   7  1  1  0  0  0/0    19:21   3:19   0:00 
Mikael Backlund          0  0  0   0  0   0  2  1  0  0  2/3     9:33   0:00   2:32 
Pierre-Luc Létourneau    0  0  0   0  0   0  2  0  0  1  1/1    10:58   0:00   0:00 
Pierre-Marc Bouchard     0  0  0   0  2   2  0  0  1  1  2/7    11:38   0:00   0:40 
Reilly Smith             0  0  0  -1  0   0  0  0  0  0  0/1    13:33   2:38   0:00 
Robert Nilsson           0  0  0  -1  0   2  1  0  1  0  12/22  20:09   3:19   5:00 
Sheldon Keefe            0  0  0   0  0   1  2  0  0  0  0/0    12:06   0:00   4:51 
Steve Bernier            0  0  0   0  0   0  0  0  0  0  0/0    13:28   2:38   0:00 

3 Stars

1 - Alexander Edler (Nas)
2 - Kris Versteeg (TB.)
3 - Henrik Zetterberg (TB.)

Power Play

Predators - 2 on 6 Attempt(s) - 33.33%
Lightning - 0 on 3 Attempt(s) - 0.00%

Penalty Kill

Predators - 3 on 3 Attempt(s) - 100.00% - Score 0 goal in Penalty Kill
Lightning - 4 on 6 Attempt(s) - 66.67% - Score 0 goal in Penalty Kill

Team Stat

Predators - Hits : 21 - Faceoff Wins : 27 - Blocked Shots : 8 - Penalty Minutes : 6
Lightning - Hits : 19 - Faceoff Wins : 29 - Blocked Shots : 8 - Penalty Minutes : 12

Official

Referees : Walkom Stephen and Furlatt Eric
Linesman : Ryan Galloway and Brad Lazarowich

Game Notes

Mikael Granlund is injured at 9:40 of 2nd period (Right Forearm)

Finance

Level 1 -- Attendance: 3778 (62.97%) -- Ticket Income $434,470
Level 2 -- Attendance: 3698 (73.96%) -- Ticket Income $236,672
Level 3 -- Attendance: 1480 (74.00%) -- Ticket Income $65,120
Level 4 -- Attendance: 2067 (51.68%) -- Ticket Income $82,680
Luxury Box -- Attendance: 688 (68.80%) -- Ticket Income $147,920
Game was played at the Tampa Bay Stadium.
Total Attendance: 11711 (65.06%)
Total Ticket Income: $966,862
Other Income: $145,029
Total Income: $1,111,891

Predators

5 vs 5 Forward 
   Center                   Left Wing                Right Wing               Time % Phy DF OF 
 1 Ryan Kesler              Alexander Ovechkin       Niclas Bergfors          40     1   2  2  
 2 Mikael Granlund          Alexander Steen          Byron Bitz               30     1   2  2  
 3 Andy Miele               James Van Riemsdyk       Adam Burish              20     1   2  2  
 4 Kris Vernarsky           Justin Abdelkader        Jeremy Williams          10     1   2  2  

5 vs 5 Defense 
   Defense                  Defense                                           Time % Phy DF OF 
 1 Ryan Mcdonagh            Alexander Edler                                   40     1   2  2  
 2 John Moore               Dmitri Kalinin                                    30     1   2  2  
 3 Brett Clark              Ryan Murray                                       20     1   2  2  
 4 Ryan Mcdonagh            Ryan Murray                                       10     1   2  2  

PowerPlay Forward 
   Center                   Left Wing                Right Wing               Time % Phy DF OF 
 1 Mikael Granlund          Alexander Ovechkin       Niclas Bergfors          60     1   2  2  
 2 Ryan Kesler              Alexander Steen          Byron Bitz               40     1   2  2  

PowerPlay Defense
   Defense                  Defense                                           Time % Phy DF OF 
 1 Alexander Edler          Dmitri Kalinin                                    60     1   2  2  
 2 Ryan Mcdonagh            Ryan Murray                                       40     1   2  2  

Penalty Kill 4 Players Forward 
   Center                   Wing                     Time % Phy DF OF 
 1 Andy Miele               Adam Burish              60     1   2  2  
 2 Ryan Kesler              Byron Bitz               40     1   2  2  

Penalty Kill 4 Players Defense
   Defense                  Defense                  Time % Phy DF OF 
 1 Ryan Mcdonagh            Alexander Edler          60     1   2  2  
 2 John Moore               Brett Clark              40     1   2  2  

Penalty Kill - 3 Players Forward 
   Forward                                           Time % Phy DF OF 
 1 Byron Bitz                                        60     1   2  2  
 2 Adam Burish                                       40     1   2  2  

Penalty Kill - 3 Players Defense
   Defense                  Defense                  Time % Phy DF OF 
 1 Ryan Mcdonagh            Alexander Edler          60     1   2  2  
 2 John Moore               Brett Clark              40     1   2  2  

4 vs 4 Forward 
   Center                   Wing                     Time % Phy DF OF 
 1 Ryan Kesler              Alexander Ovechkin       60     1   2  2  
 2 Mikael Granlund          Niclas Bergfors          40     1   2  2  

4 vs 4 Defense
   Defense                  Defense                  Time % Phy DF OF 
 1 Ryan Mcdonagh            Alexander Edler          60     1   2  2  
 2 John Moore               Dmitri Kalinin           40     1   2  2  

Last Minutes Offensive
   Center                   Left Wing                Right Wing               Defense                  Defense                  
   Ryan Kesler              Alexander Ovechkin       Niclas Bergfors          Ryan Mcdonagh            Alexander Edler          

Last Minutes Defensive
   Center                   Left Wing                Right Wing               Defense                  Defense                  
   Ryan Kesler              Alexander Ovechkin       Niclas Bergfors          Ryan Mcdonagh            Alexander Edler          

Goaltenders
Starting : Viktor Fasth             
Backup : Mike McKenna             

Extra Forwards
Normal : Adam Burish, James Van Riemsdyk, Justin Abdelkader - PP : Adam Burish, James Van Riemsdyk - PK : Justin Abdelkader
Extra Defensemen
Normal : Ryan Murray, Brett Clark, John Moore - PP : Ryan Murray - PK : Brett Clark, John Moore
Penalty Shots
Alexander Ovechkin, Ryan Kesler, Niclas Bergfors, Byron Bitz, Adam Burish

Scratches
Andrej Meszaros (Healthy), Barret Jackman (Healthy), Mikael Granlund (Right Forearm Injury)

Lightning

5 vs 5 Forward 
   Center                   Left Wing                Right Wing               Time % Phy DF OF 
 1 Jordan Nolan             Henrik Zetterberg        Kris Versteeg            40     1   2  2  
 2 Robert Nilsson           Daniel Carcillo          Reilly Smith             25     1   2  2  
 3 Pierre-Marc Bouchard     Pierre-Luc Létourneau    Steve Bernier            25     1   2  2  
 4 Mikael Backlund          Dwight King              Sheldon Keefe            10     1   2  2  

5 vs 5 Defense 
   Defense                  Defense                                           Time % Phy DF OF 
 1 John Carlson             Brent Burns                                       40     1   2  2  
 2 Jeff Schultz             Justin Schultz                                    30     1   2  2  
 3 Andy Rogers              Danny Richmond                                    20     1   2  2  
 4 John Carlson             Brent Burns                                       10     1   2  2  

PowerPlay Forward 
   Center                   Left Wing                Right Wing               Time % Phy DF OF 
 1 Robert Nilsson           Henrik Zetterberg        Kris Versteeg            60     1   2  2  
 2 Jordan Nolan             Steve Bernier            Reilly Smith             40     1   2  2  

PowerPlay Defense
   Defense                  Defense                                           Time % Phy DF OF 
 1 Justin Schultz           John Carlson                                      60     1   2  2  
 2 Brent Burns              Jeff Schultz                                      40     1   2  2  

Penalty Kill 4 Players Forward 
   Center                   Wing                     Time % Phy DF OF 
 1 Robert Nilsson           Sheldon Keefe            60     1   2  2  
 2 Mikael Backlund          Daniel Carcillo          40     1   2  2  

Penalty Kill 4 Players Defense
   Defense                  Defense                  Time % Phy DF OF 
 1 Jeff Schultz             Andy Rogers              60     1   2  2  
 2 Danny Richmond           Brent Burns              40     1   2  2  

Penalty Kill - 3 Players Forward 
   Forward                                           Time % Phy DF OF 
 1 Henrik Zetterberg                                 60     1   2  2  
 2 Robert Nilsson                                    40     1   2  2  

Penalty Kill - 3 Players Defense
   Defense                  Defense                  Time % Phy DF OF 
 1 Jeff Schultz             Brent Burns              60     1   2  2  
 2 Andy Rogers              Danny Richmond           40     1   2  2  

4 vs 4 Forward 
   Center                   Wing                     Time % Phy DF OF 
 1 Robert Nilsson           Henrik Zetterberg        60     1   2  2  
 2 Jordan Nolan             Reilly Smith             40     1   2  2  

4 vs 4 Defense
   Defense                  Defense                  Time % Phy DF OF 
 1 John Carlson             Brent Burns              60     1   2  2  
 2 Danny Richmond           Justin Schultz           40     1   2  2  

Last Minutes Offensive
   Center                   Left Wing                Right Wing               Defense                  Defense                  
   Robert Nilsson           Henrik Zetterberg        Kris Versteeg            John Carlson             Brent Burns              

Last Minutes Defensive
   Center                   Left Wing                Right Wing               Defense                  Defense                  
   Robert Nilsson           Daniel Carcillo          Sheldon Keefe            Jeff Schultz             Andy Rogers              

Goaltenders
Starting : Jaroslav Halak           
Backup : Adam Munro               

Extra Forwards
Normal : Daniel Carcillo, Reilly Smith, Sheldon Keefe - PP : Daniel Carcillo, Reilly Smith - PK : Sheldon Keefe
Extra Defensemen
Normal : Andy Rogers, Brent Burns, Danny Richmond - PP : Andy Rogers - PK : Justin Schultz, Andy Rogers
Penalty Shots
Henrik Zetterberg, Robert Nilsson, Pierre-Marc Bouchard, Kris Versteeg, Reilly Smith

Scratches
Loui Eriksson (Back Spasms Injury)

% Time on Ice - Predators

Lines # - Real PCT - Wanted PCT - Time Play
Normal Forward
1 - 36% - 40% - 15:40
2 - 30% - 30% - 13:15
3 - 15% - 20% - 6:47
4 - 19% - 10% - 8:20
Normal Defense
1 - 39% - 40% - 17:20
2 - 33% - 30% - 14:21
3 - 20% - 20% - 8:50
4 - 8% - 10% - 3:31
PP Forward
1 - 61% - 60% - 5:21
2 - 39% - 40% - 3:27
PP Defense
1 - 63% - 60% - 5:34
2 - 37% - 40% - 3:14
PK Forward
1 - 80% - 60% - 4:46
2 - 20% - 40% - 1:11
PK Defense
1 - 66% - 60% - 3:55
2 - 34% - 40% - 2:02
PK3 Forward
1 - 0% - 60%
2 - 0% - 40%
PK3 Defense
1 - 0% - 60%
2 - 0% - 40%
44 Forward
1 - 0% - 60%
2 - 0% - 40%
44 Defense
1 - 0% - 60%
2 - 0% - 40%
Last Minute Offensive  - 0:00
Last Minute Defensive  - 1:13
Total
Forward - 60:00
Defense - 60:00

% Time on Ice - Lightning

Lines # - Real PCT - Wanted PCT - Time Play
Normal Forward
1 - 35% - 40% - 15:16
2 - 25% - 25% - 10:55
3 - 25% - 25% - 10:58
4 - 16% - 10% - 7:01
Normal Defense
1 - 41% - 40% - 17:58
2 - 34% - 30% - 15:01
3 - 23% - 20% - 10:15
4 - 2% - 10% - 0:56
PP Forward
1 - 56% - 60% - 3:19
2 - 44% - 40% - 2:38
PP Defense
1 - 65% - 60% - 3:53
2 - 35% - 40% - 2:04
PK Forward
1 - 71% - 60% - 6:16
2 - 29% - 40% - 2:32
PK Defense
1 - 62% - 60% - 5:29
2 - 38% - 40% - 3:19
PK3 Forward
1 - 0% - 60%
2 - 0% - 40%
PK3 Defense
1 - 0% - 60%
2 - 0% - 40%
44 Forward
1 - 0% - 60%
2 - 0% - 40%
44 Defense
1 - 0% - 60%
2 - 0% - 40%
Last Minute Offensive  - 1:05
Last Minute Defensive  - 0:00
Total
Forward - 60:00
Defense - 60:00

Play by Play

1st period


0:01 of 1st period - Jordan Nolan wins face-off versus Ryan Kesler in neutral zone.
0:33 of 1st period - John Carlson is hit by Byron Bitz and loses puck.
0:54 of 1st period - Wrist shot by Adam Burish.
0:54 of 1st period - Shot Misses the Net.
0:56 of 1st period - Wrist shot by Andy Miele.
0:56 of 1st period - Shot Blocked by John Carlson.
1:18 of 1st period - Snap shot by Kris Vernarsky.
1:18 of 1st period - Shot Blocked by Brent Burns.
1:56 of 1st period - Wrist shot by Reilly Smith.
1:56 of 1st period - Shot Misses the Net.
3:00 of 1st period - Snap shot by Kris Versteeg.
3:00 of 1st period - Stopped by Viktor Fasth without a rebound.
3:01 of 1st period - Alexander Ovechkin wins face-off versus Jordan Nolan in Predators zone.
3:08 of 1st period - Slapshot by Ryan Kesler.
3:08 of 1st period - Shot Blocked by Kris Versteeg.
3:15 of 1st period - Off-side.
3:16 of 1st period - Byron Bitz wins face-off versus Robert Nilsson in neutral zone.
3:19 of 1st period - Slapshot by Ryan Mcdonagh.
3:19 of 1st period - Stopped by Jaroslav Halak without a rebound.
3:20 of 1st period - Mikael Granlund wins face-off versus Robert Nilsson in Lightning zone.
3:34 of 1st period - Ryan Mcdonagh is hit by Danny Richmond and loses puck.
3:37 of 1st period - Minor Penalty to Daniel Carcillo for Holding.
3:38 of 1st period - Mikael Granlund wins face-off versus Robert Nilsson in Lightning zone.
4:16 of 1st period - Snap shot by Niclas Bergfors.
4:16 of 1st period - Stopped by Jaroslav Halak without a rebound.
4:17 of 1st period - Alexander Steen wins face-off versus Robert Nilsson in Lightning zone.
5:37 of 1st period - Penalty to Daniel Carcillo is over, Daniel Carcillo is back on ice.
5:53 of 1st period - Minor Penalty to Adam Burish for Hooking.
5:54 of 1st period - Robert Nilsson wins face-off versus Andy Miele in Predators zone.
7:00 of 1st period - Brent Burns is hit by Andy Miele and loses puck.
7:32 of 1st period - Justin Schultz is hit by Alexander Steen and loses puck.
7:39 of 1st period - Kris Versteeg is hit by John Moore and loses puck.
7:53 of 1st period - Penalty to Adam Burish is over, Adam Burish is back on ice.
8:09 of 1st period - Dmitri Kalinin is hit by Dwight King and loses puck.
8:16 of 1st period - Dwight King is hit by Kris Vernarsky and loses puck.
8:29 of 1st period - Danny Richmond is hit by Niclas Bergfors and loses puck.
8:59 of 1st period - Danny Richmond is hit by James Van Riemsdyk and loses puck.
9:39 of 1st period - John Carlson is hit by Niclas Bergfors and loses puck.
9:46 of 1st period - Snap shot by Niclas Bergfors.
9:46 of 1st period - Stopped by Jaroslav Halak with a rebound.
9:56 of 1st period - Snap shot by Henrik Zetterberg.
9:56 of 1st period - Shot Blocked by Ryan Mcdonagh.
10:10 of 1st period - Jeff Schultz is hit by Ryan Mcdonagh and loses puck.
10:29 of 1st period - Slapshot by Justin Abdelkader.
10:29 of 1st period - Stopped by Jaroslav Halak without a rebound.
10:30 of 1st period - Pierre-Luc Létourneau wins face-off versus Kris Vernarsky in Lightning zone.
10:35 of 1st period - Kris Vernarsky is hit by Jeff Schultz and loses puck.
10:54 of 1st period - Daniel Carcillo is hit by Alexander Ovechkin and loses puck.
11:01 of 1st period - Wrist shot by Niclas Bergfors.
11:01 of 1st period - Shot Misses the Net.
11:03 of 1st period - Snap shot by Niclas Bergfors.
11:03 of 1st period - Stopped by Jaroslav Halak without a rebound.
11:04 of 1st period - Jordan Nolan wins face-off versus Ryan Kesler in Lightning zone.
11:32 of 1st period - Snap shot by Mikael Granlund.
11:32 of 1st period - Stopped by Jaroslav Halak with a rebound.
11:34 of 1st period - Snap shot by Byron Bitz.
11:34 of 1st period - Shot Hit the Post.
11:40 of 1st period - Slapshot by Alexander Steen.
11:40 of 1st period - Stopped by Jaroslav Halak with a rebound.
11:52 of 1st period - Snap shot by Ryan Mcdonagh.
11:52 of 1st period - Shot Misses the Net.
12:28 of 1st period - Slapshot by John Carlson.
12:28 of 1st period - Shot Misses the Net.
13:15 of 1st period - Off-side.
13:16 of 1st period - Jordan Nolan wins face-off versus Ryan Kesler in neutral zone.
13:19 of 1st period - Wrist shot by Kris Versteeg.
13:19 of 1st period - Shot Blocked by Niclas Bergfors.
14:06 of 1st period - Wrist shot by Kris Versteeg.
14:06 of 1st period - Stopped by Viktor Fasth with a rebound.
14:14 of 1st period - Wrist shot by Pierre-Marc Bouchard.
14:14 of 1st period - Shot Misses the Net.
14:50 of 1st period - Adam Burish is hit by Mikael Backlund.
15:23 of 1st period - Wrist shot by Reilly Smith.
15:23 of 1st period - Shot Misses the Net.
15:31 of 1st period - Slapshot by Robert Nilsson.
15:31 of 1st period - Shot Misses the Net.
16:11 of 1st period - Slapshot by Alexander Ovechkin.
16:11 of 1st period - Shot Blocked by Mikael Backlund.
16:13 of 1st period - Wrist shot by Alexander Ovechkin.
16:13 of 1st period - Shot Misses the Net.
16:25 of 1st period - Minor Penalty to Dwight King for Roughing.
16:26 of 1st period - Robert Nilsson wins face-off versus Mikael Granlund in Lightning zone.
16:50 of 1st period - Icing by Dmitri Kalinin.
16:51 of 1st period - Ryan Kesler wins face-off versus Robert Nilsson in Predators zone.
18:25 of 1st period - Penalty to Dwight King is over, Dwight King is back on ice.
18:45 of 1st period - Danny Richmond is hit by Andy Miele and loses puck.
19:26 of 1st period - Snap shot by Pierre-Marc Bouchard.
19:26 of 1st period - Shot Misses the Net.
19:40 of 1st period - Alexander Ovechkin is hit by John Carlson and loses puck.
19:53 of 1st period - Alexander Ovechkin is hit by Danny Richmond and loses puck.
Goals for this period are 0 for Predators vs 0 for Lightning .
Shots for this period are 7 for Predators vs 2 for Lightning .

2nd period


0:01 of 2nd period - Jordan Nolan wins face-off versus Ryan Kesler in neutral zone.
0:04 of 2nd period - Backhand shot by John Carlson.
0:04 of 2nd period - Stopped by Viktor Fasth without a rebound.
0:05 of 2nd period - Jordan Nolan wins face-off versus Ryan Kesler in Predators zone.
0:06 of 2nd period - Snap shot by Kris Versteeg.
0:06 of 2nd period - Stopped by Viktor Fasth without a rebound.
0:07 of 2nd period - Jordan Nolan wins face-off versus Ryan Kesler in Predators zone.
0:08 of 2nd period - Snap shot by Kris Versteeg.
0:08 of 2nd period - Shot Misses the Net.
0:16 of 2nd period - John Carlson is hit by Ryan Kesler and loses puck.
0:36 of 2nd period - Off-side.
0:37 of 2nd period - Mikael Granlund wins face-off versus Reilly Smith in neutral zone.
0:37 of 2nd period - Mikael Granlund is hit by Daniel Carcillo.
0:55 of 2nd period - Reilly Smith is hit by Alexander Steen and loses puck.
1:20 of 2nd period - Snap shot by Daniel Carcillo.
1:20 of 2nd period - Stopped by Viktor Fasth with a rebound.
1:26 of 2nd period - Reilly Smith is hit by Mikael Granlund and loses puck.
1:33 of 2nd period - Slapshot by Byron Bitz.
1:33 of 2nd period - Shot Misses the Net.
1:43 of 2nd period - Wrist shot by Alexander Steen.
1:43 of 2nd period - Stopped by Jaroslav Halak without a rebound.
1:44 of 2nd period - Ryan Kesler wins face-off versus Jordan Nolan in Lightning zone.
1:56 of 2nd period - Minor Penalty to Jordan Nolan for Roughing.
1:57 of 2nd period - Robert Nilsson wins face-off versus Mikael Granlund in Lightning zone.
2:53 of 2nd period - Snap shot by Daniel Carcillo.
2:53 of 2nd period - Shot Misses the Net.
3:56 of 2nd period - Penalty to Jordan Nolan is over, Jordan Nolan is back on ice.
4:04 of 2nd period - Wrist shot by Henrik Zetterberg.
4:04 of 2nd period - Shot Blocked by Ryan Mcdonagh.
4:06 of 2nd period - Slapshot by Brent Burns.
4:06 of 2nd period - Stopped by Viktor Fasth with a rebound.
4:08 of 2nd period - Slapshot by Brent Burns.
4:08 of 2nd period - Stopped by Viktor Fasth without a rebound.
4:09 of 2nd period - Kris Vernarsky wins face-off versus Pierre-Marc Bouchard in Predators zone.
4:22 of 2nd period - Wrist shot by Pierre-Marc Bouchard.
4:22 of 2nd period - Stopped by Viktor Fasth with a rebound.
4:24 of 2nd period - Wrist shot by Justin Schultz.
4:24 of 2nd period - Stopped by Viktor Fasth without a rebound.
4:25 of 2nd period - Jordan Nolan wins face-off versus Ryan Kesler in Predators zone.
4:28 of 2nd period - Wrist shot by Kris Versteeg.
4:28 of 2nd period - Goal by Kris Versteeg - Predators : 0 - Lightning : 1.
4:29 of 2nd period - Jordan Nolan wins face-off versus Ryan Kesler in neutral zone.
4:38 of 2nd period - Snap shot by Kris Versteeg.
4:38 of 2nd period - Shot Misses the Net.
4:58 of 2nd period - Slapshot by Mikael Granlund.
4:58 of 2nd period - Stopped by Jaroslav Halak without a rebound.
4:59 of 2nd period - Mikael Granlund wins face-off versus Pierre-Marc Bouchard in Lightning zone.
5:25 of 2nd period - Icing by Henrik Zetterberg.
5:26 of 2nd period - Ryan Kesler wins face-off versus Jordan Nolan in Lightning zone.
5:31 of 2nd period - Snap shot by Niclas Bergfors.
5:31 of 2nd period - Stopped by Jaroslav Halak without a rebound.
5:32 of 2nd period - Ryan Kesler wins face-off versus Jordan Nolan in Lightning zone.
5:43 of 2nd period - Snap shot by John Carlson.
5:43 of 2nd period - Deflect By Henrik Zetterberg.
5:43 of 2nd period - Stopped by Viktor Fasth with a rebound.
5:45 of 2nd period - Wrist shot by Henrik Zetterberg.
5:45 of 2nd period - Shot Misses the Net.
5:47 of 2nd period - Slapshot by Brent Burns.
5:47 of 2nd period - Stopped by Viktor Fasth without a rebound.
5:48 of 2nd period - Pierre-Marc Bouchard wins face-off versus Mikael Granlund in Predators zone.
6:02 of 2nd period - Icing by Alexander Edler.
6:03 of 2nd period - Mikael Granlund wins face-off versus Jordan Nolan in Predators zone.
6:03 of 2nd period - Mikael Granlund is hit by Henrik Zetterberg.
7:21 of 2nd period - Snap shot by Kris Versteeg.
7:21 of 2nd period - Deflect By Adam Burish.
7:21 of 2nd period - Stopped by Viktor Fasth with a rebound.
7:23 of 2nd period - Slapshot by Justin Schultz.
7:23 of 2nd period - Deflect By Andy Miele.
7:23 of 2nd period - Stopped by Viktor Fasth with a rebound.
7:25 of 2nd period - Snap shot by Jordan Nolan.
7:25 of 2nd period - Shot Misses the Net.
7:27 of 2nd period - Snap shot by Justin Schultz.
7:27 of 2nd period - Deflect By Kris Versteeg.
7:27 of 2nd period - Stopped by Viktor Fasth with a rebound.
7:45 of 2nd period - Snap shot by Niclas Bergfors.
7:45 of 2nd period - Stopped by Jaroslav Halak with a rebound.
7:47 of 2nd period - Snap shot by Alexander Ovechkin.
7:47 of 2nd period - Stopped by Jaroslav Halak with a rebound.
7:49 of 2nd period - Slapshot by John Moore.
7:49 of 2nd period - Stopped by Jaroslav Halak without a rebound.
7:50 of 2nd period - Alexander Ovechkin wins face-off versus Jordan Nolan in Lightning zone.
9:02 of 2nd period - Justin Abdelkader is hit by Jordan Nolan and loses puck.
9:39 of 2nd period - Mikael Granlund is hit by Sheldon Keefe and loses puck.
9:40 of 2nd period - Mikael Granlund from Predators is injured at 9:40 of 2nd period (Right Forearm).
9:41 of 2nd period - Ryan Kesler wins face-off versus Jordan Nolan in Predators zone.
9:41 of 2nd period - Ryan Kesler is hit by Kris Versteeg.
10:58 of 2nd period - Snap shot by Jeremy Williams.
10:58 of 2nd period - Shot Blocked by Henrik Zetterberg.
11:00 of 2nd period - Wrist shot by Ryan Mcdonagh.
11:00 of 2nd period - Stopped by Jaroslav Halak with a rebound.
11:02 of 2nd period - Wrist shot by Justin Abdelkader.
11:02 of 2nd period - Stopped by Jaroslav Halak with a rebound.
11:07 of 2nd period - Minor Penalty to Henrik Zetterberg for Holding.
11:08 of 2nd period - Niclas Bergfors wins face-off versus Robert Nilsson in Lightning zone.
11:12 of 2nd period - Wrist shot by Alexander Ovechkin.
11:12 of 2nd period - Shot Misses the Net.
11:42 of 2nd period - Andy Rogers is hit by Ryan Kesler and loses puck.
13:07 of 2nd period - Penalty to Henrik Zetterberg is over, Henrik Zetterberg is back on ice.
14:32 of 2nd period - Wrist shot by Daniel Carcillo.
14:32 of 2nd period - Stopped by Viktor Fasth with a rebound.
14:46 of 2nd period - Justin Schultz is hit by Dmitri Kalinin and loses puck.
15:06 of 2nd period - Jordan Nolan is hit by Adam Burish and loses puck.
15:35 of 2nd period - Wrist shot by Robert Nilsson.
15:35 of 2nd period - Shot Blocked by Adam Burish.
15:55 of 2nd period - James Van Riemsdyk is hit by Sheldon Keefe and loses puck.
16:26 of 2nd period - Ryan Mcdonagh is hit by Robert Nilsson and loses puck.
16:53 of 2nd period - Ryan Kesler is hit by Mikael Backlund and loses puck.
17:12 of 2nd period - James Van Riemsdyk is hit by Pierre-Luc Létourneau.
17:58 of 2nd period - Slapshot by Alexander Steen.
17:58 of 2nd period - Stopped by Jaroslav Halak with a rebound.
18:00 of 2nd period - Slapshot by Alexander Steen.
18:00 of 2nd period - Goal by Alexander Steen - Predators : 1 - Lightning : 1.
18:01 of 2nd period - Ryan Kesler wins face-off versus Jordan Nolan in neutral zone.
18:29 of 2nd period - Wrist shot by Adam Burish.
18:29 of 2nd period - Shot Misses the Net.
18:31 of 2nd period - Slapshot by Ryan Mcdonagh.
18:31 of 2nd period - Stopped by Jaroslav Halak without a rebound.
18:32 of 2nd period - Adam Burish wins face-off versus Robert Nilsson in Lightning zone.
18:33 of 2nd period - Wrist shot by Alexander Steen.
18:33 of 2nd period - Stopped by Jaroslav Halak without a rebound.
18:34 of 2nd period - Robert Nilsson wins face-off versus Adam Burish in Lightning zone.
19:30 of 2nd period - Icing by Pierre-Luc Létourneau.
19:31 of 2nd period - Ryan Kesler wins face-off versus Pierre-Marc Bouchard in Lightning zone.
19:54 of 2nd period - Snap shot by Pierre-Marc Bouchard.
19:54 of 2nd period - Shot Misses the Net.
Goals for this period are 1 for Predators vs 1 for Lightning .
Shots for this period are 12 for Predators vs 14 for Lightning .

3rd period


0:01 of 3rd period - Jordan Nolan wins face-off versus Ryan Kesler in neutral zone.
0:12 of 3rd period - Slapshot by Alexander Edler.
0:12 of 3rd period - Shot Misses the Net.
0:36 of 3rd period - Snap shot by Byron Bitz.
0:36 of 3rd period - Shot Misses the Net.
0:47 of 3rd period - Icing by Robert Nilsson.
0:48 of 3rd period - Robert Nilsson wins face-off versus Kris Vernarsky in Lightning zone.
0:57 of 3rd period - Wrist shot by Henrik Zetterberg.
0:57 of 3rd period - Shot Blocked by Ryan Murray.
1:47 of 3rd period - Wrist shot by Adam Burish.
1:47 of 3rd period - Shot Misses the Net.
2:06 of 3rd period - Slapshot by Robert Nilsson.
2:06 of 3rd period - Shot Blocked by Alexander Edler.
2:08 of 3rd period - Wrist shot by Robert Nilsson.
2:08 of 3rd period - Stopped by Viktor Fasth with a rebound.
2:26 of 3rd period - Slapshot by Ryan Kesler.
2:26 of 3rd period - Shot Misses the Net.
3:16 of 3rd period - Slapshot by John Carlson.
3:16 of 3rd period - Stopped by Viktor Fasth with a rebound.
3:18 of 3rd period - Slapshot by John Carlson.
3:18 of 3rd period - Shot Blocked by John Moore.
3:42 of 3rd period - Snap shot by Mikael Backlund.
3:42 of 3rd period - Deflect By Kris Versteeg.
3:42 of 3rd period - Stopped by Viktor Fasth without a rebound.
3:43 of 3rd period - Jordan Nolan wins face-off versus Adam Burish in Predators zone.
3:44 of 3rd period - Snap shot by Henrik Zetterberg.
3:44 of 3rd period - Stopped by Viktor Fasth with a rebound.
3:46 of 3rd period - Wrist shot by Henrik Zetterberg.
3:46 of 3rd period - Stopped by Viktor Fasth without a rebound.
3:47 of 3rd period - Ryan Kesler wins face-off versus Jordan Nolan in Predators zone.
4:22 of 3rd period - Snap shot by Kris Versteeg.
4:22 of 3rd period - Shot Blocked by Alexander Ovechkin.
4:58 of 3rd period - Snap shot by Ryan Kesler.
4:58 of 3rd period - Shot Blocked by Jordan Nolan.
5:04 of 3rd period - Snap shot by Alexander Ovechkin.
5:04 of 3rd period - Shot Misses the Net.
5:34 of 3rd period - Slapshot by Justin Schultz.
5:34 of 3rd period - Deflect By Alexander Ovechkin.
5:34 of 3rd period - Stopped by Viktor Fasth without a rebound.
5:35 of 3rd period - Robert Nilsson wins face-off versus Adam Burish in Predators zone.
5:54 of 3rd period - Robert Nilsson is hit by Adam Burish and loses puck.
6:30 of 3rd period - Wrist shot by Justin Abdelkader.
6:30 of 3rd period - Stopped by Jaroslav Halak without a rebound.
6:31 of 3rd period - Adam Burish wins face-off versus Robert Nilsson in Lightning zone.
7:04 of 3rd period - Slapshot by Alexander Steen.
7:04 of 3rd period - Shot Misses the Net.
7:34 of 3rd period - Minor Penalty to Pierre-Marc Bouchard for Hooking.
7:35 of 3rd period - Adam Burish wins face-off versus Robert Nilsson in Lightning zone.
7:36 of 3rd period - Snap shot by Niclas Bergfors.
7:36 of 3rd period - Shot Misses the Net.
7:38 of 3rd period - Slapshot by Niclas Bergfors.
7:38 of 3rd period - Deflect By Alexander Ovechkin.
7:38 of 3rd period - Stopped by Jaroslav Halak with a rebound.
7:40 of 3rd period - Slapshot by Alexander Edler.
7:40 of 3rd period - Deflect By Alexander Ovechkin.
7:40 of 3rd period - Stopped by Jaroslav Halak without a rebound.
7:41 of 3rd period - Robert Nilsson wins face-off versus Adam Burish in Lightning zone.
8:14 of 3rd period - Slapshot by Alexander Edler.
8:14 of 3rd period - Deflect By Daniel Carcillo.
8:14 of 3rd period - Goal by Alexander Edler - Predators : 2 - Lightning : 1.
8:15 of 3rd period - Henrik Zetterberg wins face-off versus Ryan Kesler in neutral zone.
8:18 of 3rd period - Slapshot by John Carlson.
8:18 of 3rd period - Deflect By Henrik Zetterberg.
8:18 of 3rd period - Goal by Henrik Zetterberg - Predators : 2 - Lightning : 2.
8:19 of 3rd period - Ryan Kesler wins face-off versus Jordan Nolan in neutral zone.
8:52 of 3rd period - Snap shot by Ryan Mcdonagh.
8:52 of 3rd period - Shot Misses the Net.
8:54 of 3rd period - Slapshot by Ryan Mcdonagh.
8:54 of 3rd period - Shot Blocked by Daniel Carcillo.
8:56 of 3rd period - Slapshot by Alexander Edler.
8:56 of 3rd period - Shot Blocked by John Carlson.
9:05 of 3rd period - Off-side.
9:06 of 3rd period - Andy Miele wins face-off versus Pierre-Marc Bouchard in neutral zone.
9:49 of 3rd period - Snap shot by Robert Nilsson.
9:49 of 3rd period - Stopped by Viktor Fasth without a rebound.
9:50 of 3rd period - Jordan Nolan wins face-off versus Adam Burish in Predators zone.
9:51 of 3rd period - Snap shot by Henrik Zetterberg.
9:51 of 3rd period - Deflect By Alexander Steen.
9:51 of 3rd period - Stopped by Viktor Fasth with a rebound.
10:09 of 3rd period - Minor Penalty to Alexander Steen for Hooking.
10:10 of 3rd period - Robert Nilsson wins face-off versus Andy Miele in Predators zone.
10:25 of 3rd period - Off-side.
10:26 of 3rd period - Andy Miele wins face-off versus Robert Nilsson in neutral zone.
10:34 of 3rd period - Alexander Edler is hit by Henrik Zetterberg and loses puck.
10:51 of 3rd period - Reilly Smith is hit by Andy Miele.
10:55 of 3rd period - Slapshot by John Carlson.
10:55 of 3rd period - Shot Misses the Net.
12:09 of 3rd period - Penalty to Alexander Steen is over, Alexander Steen is back on ice.
12:12 of 3rd period - John Carlson is hit by Alexander Ovechkin.
12:17 of 3rd period - Off-side.
12:18 of 3rd period - Ryan Kesler wins face-off versus Mikael Backlund in neutral zone.
12:45 of 3rd period - Pierre-Marc Bouchard is hit by Dmitri Kalinin and loses puck.
13:15 of 3rd period - Ryan Mcdonagh is hit by Henrik Zetterberg and loses puck.
13:34 of 3rd period - Wrist shot by Sheldon Keefe.
13:34 of 3rd period - Deflect By Dwight King.
13:34 of 3rd period - Stopped by Viktor Fasth without a rebound.
13:35 of 3rd period - Mikael Backlund wins face-off versus James Van Riemsdyk in Predators zone.
13:36 of 3rd period - Snap shot by Dwight King.
13:36 of 3rd period - Shot Misses the Net.
13:53 of 3rd period - Minor Penalty to Byron Bitz for Charging.
13:54 of 3rd period - Robert Nilsson wins face-off versus Andy Miele in Predators zone.
15:33 of 3rd period - Alexander Edler is hit by Henrik Zetterberg and loses puck.
15:53 of 3rd period - Penalty to Byron Bitz is over, Byron Bitz is back on ice.
15:59 of 3rd period - Backhand shot by John Carlson.
15:59 of 3rd period - Stopped by Viktor Fasth with a rebound.
16:01 of 3rd period - Wrist shot by Sheldon Keefe.
16:01 of 3rd period - Stopped by Viktor Fasth without a rebound.
16:02 of 3rd period - Mikael Backlund wins face-off versus Byron Bitz in Predators zone.
16:30 of 3rd period - Minor Penalty to Danny Richmond for Interference.
16:31 of 3rd period - Robert Nilsson wins face-off versus Adam Burish in Lightning zone.
16:42 of 3rd period - Slapshot by Alexander Edler.
16:42 of 3rd period - Deflect By Adam Burish.
16:42 of 3rd period - Goal by Adam Burish - Predators : 3 - Lightning : 2.
16:43 of 3rd period - Andy Miele wins face-off versus Pierre-Marc Bouchard in neutral zone.
16:54 of 3rd period - James Van Riemsdyk is hit by Pierre-Luc Létourneau and loses puck.
18:04 of 3rd period - Wrist shot by Pierre-Marc Bouchard.
18:04 of 3rd period - Stopped by Viktor Fasth without a rebound.
18:05 of 3rd period - Pierre-Marc Bouchard wins face-off versus Ryan Kesler in Predators zone.
18:12 of 3rd period - Slapshot by Ryan Kesler.
18:12 of 3rd period - Shot Misses the Net.
18:50 of 3rd period - Backhand shot by James Van Riemsdyk.
18:50 of 3rd period - Stopped by Jaroslav Halak with a rebound.
18:52 of 3rd period - Slapshot by James Van Riemsdyk.
18:52 of 3rd period - Stopped by Jaroslav Halak with a rebound.
18:54 of 3rd period - Wrist shot by Ryan Mcdonagh.
18:54 of 3rd period - Stopped by Jaroslav Halak without a rebound.
18:55 of 3rd period - Mike Babcock call a timeout for Lightning .
18:55 of 3rd period - Robert Nilsson wins face-off versus Adam Burish in Lightning zone.
19:05 of 3rd period - Off-side.
19:06 of 3rd period - Robert Nilsson wins face-off versus James Van Riemsdyk in neutral zone.
19:15 of 3rd period - Lightning , Jaroslav Halak is pulled from the net.
Goals for this period are 2 for Predators vs 1 for Lightning .
Shots for this period are 8 for Predators vs 13 for Lightning .